 Dungeon Crawl Stone Soup version 0.25-a0-701-gb30f108f01 (webtiles) character file.

Game seed: 556340632812299809, levelgen mode: deterministic

14 Iscandelvey the Vexing (level 2, 19/21 HPs)
             Began as a Demonspawn Arcane Marksman on Apr 3, 2020.
             Quit the game on level 1 of the Dungeon.
             The game lasted 00:00:08 (38 turns).

Iscandelvey the Vexing (Demonspawn Arcane Marksman)   Turns: 38, Time: 00:00:08

Health: 19/21      AC:  2    Str: 10    XL:     2   Next: 31%
Magic:  3/3        EV: 12    Int: 14    God:
Gold:   0          SH:  0    Dex: 13    Spells: 2/3 levels left

rFire    . . .     SeeInvis .   a - +0 hunting sling
rCold    . . .     Gourm    .   (no shield)
rNeg     . . .     Faith    .   e - +0 robe
rPois    .         Spirit   .   (no helmet)
rElec    .         Reflect  .   (no cloak)
rCorr    .         Harm     .   (no gloves)
MR       .....                  (no boots)
Stlth    +.........             (no amulet)
HPRegen  0.07/turn              (no ring)
MPRegen  0.08/turn              (no ring)

@: no status effects
A: claws 1
a: no special abilities


You were on level 1 of the Dungeon.
You were not hungry.

You visited 1 branch of the dungeon, and saw 1 of its levels.

Inventory:

Hand Weapons
 a - a +0 hunting sling (weapon)
Missiles
 d - 10 sling bullets (quivered)
Armour
 e - a +0 robe (worn)
Comestibles
 f - a ration


   Skills:
 + Level 1.0 Fighting
 + Level 2.1 Slings
 + Level 2.1 Dodging
 + Level 1.0 Spellcasting
 + Level 3.3 Hexes


You had 2 spell levels left.
You knew the following spells:

 Your Spells              Type           Power        Failure   Level  Hunger
a - Corona                Hex            #......      7%          1    ##.....

Your spell library contained the following spells:

 Spells                   Type           Power        Failure   Level  Hunger
 Slow                     Hex            #.......     11%         2    ###....
 Inner Flame              Hex/Fire       #.......     38%         3    ####...
 Portal Projectile        Hex/Tloc       #.....       38%         3    ####...
 Cause Fear               Hex            #.........   56%         4    #####..
 Leda's Liquefaction      Hex/Erth       #.........   80%         4    #####..


Dungeon Overview and Level Annotations

Branches:
Dungeon (1/15)

Altars:


Innate Abilities, Weirdness & Mutations

You have sharp fingernails.


Message History

Firing (i - inventory)
d - 5 sling bullets (quivered)
Press: ? - help, Shift-Dir - straight line, f/p - gnoll
Aim: a gnoll, wielding a +0 spear (heavily wounded)
You shoot a sling bullet. The sling bullet hits the gnoll!
You kill the gnoll!
Your Slings skill increases to level 2!
Your Dodging skill increases to level 2!
You have reached level 2!
You feel monstrous as your demonic heritage exerts itself.
Your demonic ancestry asserts itself...
Your fingernails lengthen.
d - 5 sling bullets (gained 1)
d - 6 sling bullets (gained 1)
d - 7 sling bullets (gained 1)
d - 8 sling bullets (gained 1)
d - 10 sling bullets (gained 2)
A goblin comes into view. It is wielding a +0 dagger.
Things that are here:
a sling bullet; a +0 spear Are you sure you want to abandon this character and quit the game? (Confirm with "yes".)

##### ##...## #.
##.....## #...
#.......# #...
#.......# ##...
#.......#
#....#####.....####
#..........@....(.g
#.....8............
..##...##......(...
##.##...........
#'#...(%.##....
#'#...(.......
##⌠##..........
+⌠<⌠+........ ##⌠##


You could see a goblin (wandering).

Vanquished Creatures
  A gnoll (D:1)
  2 giant cockroaches (D:1)
  A hobgoblin (D:1)
  A ball python (D:1)
5 creatures vanquished.

Notes
Turn   | Place    | Note
-------+----------+-------------------------------------------
     0 | D:1      | Iscandelvey the Demonspawn Arcane Marksman began the quest
                  | for the Orb.
     0 | D:1      | Reached XP level 1. HP: 15/15 MP: 2/2
    23 | D:1      | Gained mutation: You have sharp fingernails. [demonic
                  | ancestry]
    23 | D:1      | Reached XP level 2. HP: 18/21 MP: 3/3
    38 | D:1      | Quit the game

Levels and vault maps discovered:
D:1:      grunt_arrival_crossed_arrows, layout_rooms, grunt_decor_fettered

Skill      XL: |  1 |
---------------+----+-----
Slings         | 2 |  2.1
Dodging        | 2 |  2.1
Fighting       | |  1.0
Spellcasting   | |  1.0
Hexes          | |  3.3

Action                   || total
-------------------------++-------
 Fire: Hunting sling     ||    16
Dodge: Dodged            ||     1

Table legend:
 A = Non-vault XP
 B = Vault XP
 C = Vault XP percentage of total XP
 D = Non-vault monster count
 E = Vault monster count
 F = Vault count percentage of total count
                 A         B        C        D         E       F
            +---------+---------+-------+---------+---------+-------
      Total |      21 |       0 |   0.0 |       5 |       0 |   0.0
            +---------+---------+-------+---------+---------+-------
        D:1 |      21 |       0 |   0.0 |       5 |       0 |   0.0
            +---------+---------+-------+---------+---------+-------
